 Dungeon Crawl Stone Soup version 0.27-a0-1071-ga85bd9520d (webtiles) character file.

Game seed: 8760774467467555310

40 funkygono the Firebug (level 3, -6/19 HPs)
             Began as a Gargoyle Fire Elementalist on Apr 24, 2021.
             Mangled by an iguana (10 damage)
             ... on level 1 of the Dungeon.
             The game lasted 00:03:36 (1314 turns).

funkygono the Firebug (Gargoyle Fire Elementalist)  Turns: 1314, Time: 00:03:37

Health: -6/19      AC: 13    Str: 11    XL:     3   Next: 50%
Magic:  5/6        EV: 12    Int: 22    God:
Gold:   59         SH:  0    Dex: 10    Spells: 3/7 levels left

rFire    . . .     SeeInvis +   d - +2 dagger (protect)
rCold    . . .     Faith    .   (no shield)
rNeg     + . .     Spirit   .   a - +1 robe
rPois    ∞         Reflect  .   (no helmet)
rElec    +         Harm     .   (no cloak)
rCorr    .         Rampage  .   (no gloves)
Will     .....                  (no boots)
Stlth    ++........             (no amulet)
HPRegen  0.06/turn              h - ring of see invisible
MPRegen  0.10/turn              f - +6 ring of intelligence

@: under a protective aura
A: AC +3, negative energy resistance 1, electricity resistance, torment
resistance 1, unbreathing 1, petrification resistance
a: no special abilities


You were on level 1 of the Dungeon.
You visited 1 branch of the dungeon, and saw 2 of its levels.

You collected 59 gold pieces.

Inventory:

Hand Weapons
 d - a +2 dagger of protection (weapon)
 g - a +0 whip
Missiles
 i - 18 stones
Armour
 a - a +1 robe (worn)
 j - a +0 leather armour
Jewellery
 f - a +6 ring of intelligence (right hand)
 h - a ring of see invisible (left hand)
Potions
 b - 2 potions of berserk rage {unknown}
 c - 4 potions of mutation
 e - 2 potions of curing {unknown}


   Skills:
 + Level 1.6 Dodging
 - Level 2.1 Stealth
 * Level 2.5 Spellcasting
 * Level 1.7 Conjurations
 * Level 3.7 Fire Magic


You had 3 spell levels left.
You knew the following spells:

 Your Spells              Type           Power      Damage    Failure   Level
a - Foxfire               Conj/Fire      56%        2x1d6     4%          1
b - Conjure Flame         Conj/Fire      14%        6-21      13%         3

Your spell library contained the following spells:

 Spells                   Type           Power      Damage    Failure   Level
 Animate Skeleton         Necr           4%         N/A       13%         1
 Pain                     Necr           8%         1d4       13%         1
 Inner Flame              Hex/Fire       10%        N/A       19%         3
 Vampiric Draining        Necr           1%         2d6       36%         3
 Sticky Flame             Conj/Fire      14%        2d4       38%         4
 Fireball                 Conj/Fire      7%         3d5       75%         5
 Animate Dead             Necr           1%         N/A       78%         4
 Agony                    Necr           2%         N/A       98%         5


Dungeon Overview and Level Annotations

Branches:
Dungeon (2/15)

Altars:


Innate Abilities, Weirdness & Mutations

Your stone body is resilient. (AC +3)
You are immune to poison.
You resist negative energy. (rN+)
You are resistant to electric shocks. (rElec)
You are resistant to unholy torment.
You can survive without breathing.
You are immune to petrification.


Message History

There is a large open door here.
The iguana hisses menacingly.
There is an open door here.
You see here a +0 short sword.
Casting: Foxfire (safe; 4% risk of failure)
Confirm with . or Enter, or press ? or * to list all spells.
You conjure some foxfire!
The iguana completely misses you.
Your foxfire dissipates!
The foxfire hits the iguana.
The iguana is almost dead.
You closely miss the iguana.
The iguana is almost dead.
The kobold throws a stone.
The stone closely misses you. The iguana misses you.
The kobold throws a stone.
The stone hits you but does no damage.
There is a stone staircase leading up here.
The iguana bites you!
Ouch! That really hurt!
* * * LOW HITPOINT WARNING * * *
You climb upwards.
There is a stone staircase leading down here.
Okay, then.
Sorry, you're not good enough to have a special ability.
Unknown command.
The iguana bites you but does no damage.
Casting: Foxfire (safe; 4% risk of failure)
Confirm with . or Enter, or press ? or * to list all spells.
You conjure some foxfire!
You closely miss the iguana.
The iguana is severely wounded.
The foxfire hits the iguana.
The iguana is almost dead.
The foxfire hits the iguana.
The iguana is almost dead.
The iguana closely misses you.
You hit the iguana but do no damage.
Your weapon exudes an aura of protection.
The iguana is almost dead.
The iguana bites you!
Ouch! That really hurt!
You die...

...###...###.....................
.#†.#..#..#..........†...........
......##....#.........##.........
##.#.###........########.####....
...................# #....######
##..#.....#.....##.## #....######
...###...###.....)..# #....#.....
##..#.....#....§§...###..........
........#...###.@................
###........#....l..#............#
...#.......#.....................
...........#...#...#.###.#......#
...###.#######.##..#.# #.#[..#.#.
.......# #.....#)# #.#...#...
.......###########.#.###.#####.#.
...................#..##.# ###.
......##############..##.### #.


You could see an iguana.

Vanquished Creatures
  4 bats
  4 endoplasms
  4 goblins
  4 hobgoblins (D:1)
  3 jackals (D:1)
  2 kobolds (D:2)
  4 ball pythons (D:1)
  11 frilled lizards (D:1)
  2 rats (D:1)
38 creatures vanquished.

Vanquished Creatures (others)
  97 foxfires
  8 plants (D:1)
105 creatures vanquished.

Grand Total: 143 creatures vanquished

Notes
Turn   | Place    | Note
-------+----------+-------------------------------------------
     0 | D:1      | funkygono the Gargoyle Fire Elementalist began the quest
                  | for the Orb.
     0 | D:1      | Reached XP level 1. HP: 10/10 MP: 3/3
   169 | D:1      | Reached XP level 2. HP: 15/15 MP: 0/5
   474 | D:1      | You fall into a shaft and drop 1 floor!
   475 | D:2      | Found a faded altar of an unknown god.
   710 | D:1      | Reached XP level 3. HP: 19/19 MP: 3/6
   714 | D:1      | Learned a level 3 spell: Conjure Flame
  1314 | D:1      | Mangled by an iguana

Illustrated notes

Levels and vault maps discovered:
D:1:      nicolae_arrival_memento_mori, layout_basic, minmay_strange_pillars,
          minmay_lizard_king
D:2:      minmay_recursive_quarters, layout_basic, basic_altar,
          basic_ecumenical_altar, serial_curves, eino_curves_01, eino_curves_01,
          eino_curves_04, uniq_robin

Action                   || total
-------------------------++-------
Melee: Dagger            ||    13
 Cast: Foxfire           ||    60
  Use: Scroll            ||     3
Armor: Robe              ||    13
Dodge: Dodged            ||    14

Table legend: (Time is in decaauts)
 A = Elapsed time spent in this place.
 B = Non-inter-level travel time spent in this place.
 C = Inter-level travel time spent in this place.
 D = Time resting spent in this place.
 E = Time spent auto-exploring this place.
 F = Levels seen in this place.
 G = Mean time per level.
                   A        B        C        D        E       F      G
               +--------+--------+--------+--------+--------+-----+--------+
         Total |   1313 |   1307 |      6 |     32 |    961 |   2 |  656.5 |
       Dungeon |   1313 |   1307 |      6 |     32 |    961 |   2 |  656.5 |
               +--------+--------+--------+--------+--------+-----+--------+

Top non-repeatable levels by time:
     D:1: 1119 daAuts
     D:2: 194 daAuts
